[Event "*** SCC Grand Prix: Titled Tuesday Blitz"]
[Site "Chess.com"]
[Date "2020.07.14"]
[Round "7"]
[White "mortngabriel"]
[Black "Ty3oB"]
[Result "1-0"]
[WhiteElo "2374"]
[BlackElo "2181"]
[TimeControl "180+1"]
[EndTime "11:19:29 PDT"]
[Termination "mortngabriel won on time"]

1. d4 Nf6 2. c4 g6 3. Nc3 Bg7 4. e4 d6 5. h3 O-O 6. Be3 e5 7.
d5 a5 8. g4 Nfd7 9. Nge2 Na6 10. Rg1 Nac5 11. Ng3 a4 12. Be2 c6 13. dxc6 bxc6 14. Qxd6 Qa5 15. Qd2 Rd8 16. Qc2 Qb4 17. Kf1 Ba6 18. Nb1 Nb6 19. Na3 Ne6 20. Kg2 Nf4+ 21.
Kh2 Nxe2 22. Nxe2 Nxc4 23. Nxc4 Qxc4 24. Qxc4 Bxc4 25. Nc3 Bf8 26. Rgd1 Bb4 27. Rxd8+ Rxd8 28. Nxa4 Ra8 29. b3 Bb5 30. Nb6 Rd8 31. Rc1 Rd3 32. a4 Ba6 33. Rxc6 Bb7 34. Rc4 Ba5 35. b4 Rxe3 36.
bxa5 1-0

[Event "*** SCC Grand Prix: Titled Tuesday Blitz"]
[Site "Chess.com"]
[Date "2020.07.14"]
[Round "7"]
[White "jsl796"]
[Black "albano87"]
[Result "1-0"]
[WhiteElo "2858"]
[BlackElo "2491"]
[TimeControl "180+1"]
[EndTime "11:19:30 PDT"]
[Termination "jsl796 won by resignation"]

1. d4 d5 2. c4 e6 3. Nc3 Nf6 4. cxd5 exd5 5. Bg5 Nbd7 6. e3 Be7 7. Bd3 O-O 8. Qc2 b6 9. Nf3 Bb7 10. O-O c5 11. Ne5 g6 12. Rad1 Rc8 13. Qa4 a6 14.
Nxd7 Nxd7 15. Bxe7 Qxe7 16. dxc5 bxc5 17. Rfe1 Nb6 18.
Qa5 Qf6 19. Rc1 d4 20. exd4 cxd4 21. Ne4 Bxe4 22. Bxe4 Nc4 23. Qb4 Ne5 24. Rcd1 Rfd8 25. h3 d3 26. Rd2 Rd4 27. Qb7 Rcd8 28. b3 Qf4 29. Re3 R8d7 30. Qxa6 f5 31. Bxd3 Nxd3 32.
Rdxd3 Rxd3 33. Rxd3 Re7 34. Rd1 h5 35. Qxg6+ 1-0

[Event "*** SCC Grand Prix: Titled Tuesday Blitz"]
[Site "Chess.com"]
[Date "2020.07.14"]
[Round "7"]
[White "Klavdia_Nik"]
[Black "ElCoachRene"]
[Result "0-1"]
[WhiteElo "2054"]
[BlackElo "2188"]
[TimeControl "180+1"]
[EndTime "11:19:30 PDT"]
[Termination "ElCoachRene won on time"]

1. Nf3 d5 2. c4 c6 3. b3 Bf5 4. Bb2 e6 5. g3 Nd7 6. Bg2 Ngf6 7. O-O Bd6 8. d3 Qe7 9. h3 h6 10. a3 a5 11. Nbd2 O-O 12. Re1 Bh7 13. e4 dxe4 14.
dxe4 Bc5 15. e5 Ne8 16. Ne4 Nc7 17. Qe2 Rfd8 18. Nfd2 Qf8 19. Kh2 Be7 20. f4 Nc5 21.
Nxc5 Bxc5 22. Ne4 Bd4 23. Bxd4 Rxd4 24. Nd6 Rxd6 25. exd6 Qxd6 26. Qe5 Qe7 27. Red1 Ne8 28. Rd2 Nf6 29. Qd6 Qe8 30. Rad1 Be4 31. Qe5 Bh7 32. g4 Qf8 33. Qd6 Qc8 34. g5 Ne8 35. Qd7 Qb8 36.
Rf2 hxg5 37. Kg3 gxf4+ 38. Kf3 Nf6 39. Qd6 Be4+ 40. Kxf4 Nh5+ 41. Ke3 Qa7+ 42. c5 Bxg2 43. Rxg2 Nf6 44. Qd4 Kf8 45. Kf2 Qb8 0-1

[Event "*** SCC Grand Prix: Titled Tuesday Blitz"]
[Site "Chess.com"]
[Date "2020.07.14"]
[Round "7"]
[White "pastouche06"]
[Black "Unknown_IM"]
[Result "1-0"]
[WhiteElo "2532"]
[BlackElo "2376"]
[TimeControl "180+1"]
[EndTime "11:19:31 PDT"]
[Termination "pastouche06 won by resignation"]

1. d4 d5 2. c4 e6 3. Nc3 c6 4. e4 dxe4 5. Nxe4 Bb4+ 6. Nc3 c5 7.
a3 Bxc3+ 8. bxc3 Nf6 9. Nf3 Nc6 10. Be2 O-O 11. O-O Re8 12. Bg5 h6 13. Bh4 b6 14. Ne5 Bb7 15. Bf3 Rc8 16. Ng4 cxd4 17. Nxf6+ gxf6 18. cxd4 Ba8 19. Bxc6 Bxc6 20. Qg4+ Kh7 21.
Qf4 Rg8 22. f3 Rg6 23. Rad1 Ba8 24. d5 exd5 25. cxd5 Rc5 26. d6 Qd7 27. Rfe1 Rc2 28. Bg3 Kg7 29. Re7 Qd8 30. Qe3 Bc6 31. Qb3 Ba4 32.
Qxf7+ 1-0

[Event "*** SCC Grand Prix: Titled Tuesday Blitz"]
[Site "Chess.com"]
[Date "2020.07.14"]
[Round "7"]
[White "politeplayer"]
[Black "dopolian"]
[Result "0-1"]
[WhiteElo "2218"]
[BlackElo "2446"]
[TimeControl "180+1"]
[EndTime "11:19:31 PDT"]
[Termination "dopolian won on time"]

1. e4 e5 2. Nc3 Nf6 3. Bc4 Bc5 4. d3 O-O 5. Bg5 c6 6. Qf3 d6 7.
h4 Nbd7 8. h5 h6 9. Bh4 b5 10.
Bb3 a5 11. a4 b4 12. Nd1 Re8 13. Ne2 Nf8 14. Ne3 Be6 15. Nf5 N8h7 16. g4 d5 17.
Neg3 Bd4 18. O-O-O c5 19. exd5 Bxd5 20. Bxd5 Qxd5 21.
Ne4 Nxe4 22. dxe4 Qa2 23. Qb3 Qa1+ 24. Kd2 Qxb2 25. Nxd4 Qxd4+ 26. Kc1 Qa1+ 27. Kd2 Qd4+ 28. Kc1 Qxe4 29. Rhe1 Qf4+ 0-1

[Event "*** SCC Grand Prix: Titled Tuesday Blitz"]
[Site "Chess.com"]
[Date "2020.07.14"]
[Round "7"]
[White "alfiefischer77"]
[Black "awesomevishesh"]
[Result "1-0"]
[WhiteElo "2208"]
[BlackElo "2324"]
[TimeControl "180+1"]
[EndTime "11:19:32 PDT"]
[Termination "alfiefischer77 won on time"]

1. e4 c5 2. Nf3 Nc6 3. d4 cxd4 4.
Nxd4 Nf6 5. Nc3 e5 6. Ndb5 d6 7. Bg5 a6 8. Bxf6 gxf6 9. Na3 b5 10. Nd5 f5 11. Bxb5 axb5 12. Nxb5 Ra4 13. b4 Rxb4 14.
Nbc7+ Kd7 15. O-O Rxe4 16. Qh5 Ne7 17. Qxf7 Kc6 18. Rab1 Nxd5 19. Nxd5 Ba6 20. Rfd1 Qa5 21. Rb6+ Qxb6 22. Nxb6 Kxb6 23. Rb1+ Kc6 24. Qa7 Bb5 25. Qa8+ 1-0

[Event "*** SCC Grand Prix: Titled Tuesday Blitz"]
[Site "Chess.com"]
[Date "2020.07.14"]
[Round "7"]
[White "Michaelson_11"]
[Black "GaboSalazar2001"]
[Result "0-1"]
[WhiteElo "2117"]
[BlackElo "2304"]
[TimeControl "180+1"]
[EndTime "11:19:32 PDT"]
[Termination "GaboSalazar2001 won on time"]

1. e4 c5 2. Nf3 d6 3. d4 cxd4 4. Nxd4 Nf6 5. Nc3 e6 6. g4 e5 7. Nf5 h5 8. g5 Nxe4 9. Nxg7+ Bxg7 10. Nxe4 d5 11. Nf6+ Bxf6 12. gxf6 Be6 13. Bg5 Qb6 14.
b3 Qb4+ 15. Qd2 Qe4+ 16. Qe2 Qxh1 17. f3 Qg1 18. Qb5+ Bd7 19. Qxb7 Qxg5 20. Qxa8 Qe3+ 21.
Be2 O-O 22. Qxd5 Qc3+ 23. Qd2 Qxa1+ 24. Bd1 Kh7 25. Qd3+ Kh6 26. h4 Qd4 0-1

[Event "*** SCC Grand Prix: Titled Tuesday Blitz"]
[Site "Chess.com"]
[Date "2020.07.14"]
[Round "7"]
[White "Guenplen"]
[Black "temus_galaktionov"]
[Result "1/2-1/2"]
[WhiteElo "2879"]
[BlackElo "2680"]
[TimeControl "180+1"]
[EndTime "11:19:33 PDT"]
[Termination "Game drawn by agreement"]

1. d4 c6 2. Bf4 g6 3. e3 d6 4. Nf3 Bg7 5. h3 Nd7 6. Bh2 e5 7. Be2 Qe7 8. c4 Ngf6 9. Nc3 O-O 10. O-O Re8 11. Rc1 e4 12. Nd2 Nf8 13. b4 h5 14. b5 h4 15. bxc6 bxc6 16. Qa4 Bd7 17. Qa3 d5 18. Qxe7 Rxe7 19. cxd5 cxd5 20. Nb3 Ne6 21. Nb5 Ree8 22. Nd6 Red8 23. Na5 Ba4 24. Ba6 Bf8 25. Nb5 Rd7 26. Nc3 Bb4 27. Nxa4 Bxa5 28.
Bb5 Rdd8 29. Ba6 Rd7 30. Rb1 Bc7 31. Bxc7 Rxc7 32. Rfc1 Rxc1+ 33. Rxc1 Rb8 34. Rc8+ Rxc8 35. Bxc8 Kf8 36. Nc3 Ke7 37. Bb7 Nc7 38. Kf1 Kd6 39. Bc8 Nd7 40. Bxd7 Kxd7 41. Ke2 Kc6 1/2-1/2

[Event "*** SCC Grand Prix: Titled Tuesday Blitz"]
[Site "Chess.com"]
[Date "2020.07.14"]
[Round "7"]
[White "AvitalBor"]
[Black "OparinGrigoriy"]
[Result "0-1"]
[WhiteElo "2738"]
[BlackElo "2928"]
[TimeControl "180+1"]
[EndTime "11:19:34 PDT"]
[Termination "OparinGrigoriy won by resignation"]

1. e4 e5 2. Nf3 Nc6 3. Bb5 f5 4.
d3 fxe4 5. dxe4 Nf6 6. O-O d6 7.
Nc3 Be7 8. Qd3 Bg4 9. Qc4 Qd7 10. Ng5 Bh5 11. Nd5 a6 12. Bxc6 bxc6 13. Nxe7 Kxe7 14. f4 h6 15. fxe5 dxe5 16. Nf3 Bxf3 17. Rxf3 Qd4+ 18.
Qxd4 exd4 19. Bd2 Ke6 20. Re1 c5 21. Ba5 c6 22. b3 Raf8 23. Rg3 g5 24. c3 Nd7 25. Rd1 Rf4 26. cxd4 cxd4 27. Rxd4 Rhf8 28. h3 Rf1+ 29. Kh2 R8f2 30. Rc3 Ne5 31. Bc7 Rxa2 32. Rc5 Nf3+ 33. Kg3 Nxd4 0-1

[Event "*** SCC Grand Prix: Titled Tuesday Blitz"]
[Site "Chess.com"]
[Date "2020.07.14"]
[Round "7"]
[White "GOGIEFF"]
[Black "GukeshDommaraju"]
[Result "1-0"]
[WhiteElo "2902"]
[BlackElo "2724"]
[TimeControl "180+1"]
[EndTime "11:19:34 PDT"]
[Termination "GOGIEFF won by resignation"]

1. d4 Nf6 2. c4 e6 3. Nc3 Bb4 4. e3 d5 5. Bd3 O-O 6. Nf3 dxc4 7. Bxc4 c5 8. O-O cxd4 9. exd4 b6 10. Bg5 Bb7 11. Qe2 Nbd7 12. Rac1 h6 13. Bh4 Rc8 14. Rfd1 Bxf3 15. gxf3 Qc7 16. Ba6 Rcd8 17. Bg3 Qc6 18. d5 exd5 19. Nxd5 Qa4 20. Bb5 Qa5 21. a3 Nxd5 22. Rxd5 Rfe8 23. Rxd7 Rxe2 24. Rxd8+ Kh7 25. Bxe2 Bc5 26. Rcd1 Qa4 27. R1d7 Kg6 28. b4 Bf8 29. Bc4 Qxa3 30. Bxf7+ Kg5 31. Rxf8 Qxb4 32. h4+ Kf6 33.
Re8 Qb1+ 34. Kg2 Qb5 35. Re6+ Kf5 36. Rde7 1-0

[Event "*** SCC Grand Prix: Titled Tuesday Blitz"]
[Site "Chess.com"]
[Date "2020.07.14"]
[Round "7"]
[White "Savva09022009"]
[Black "GuuBol"]
[Result "1-0"]
[WhiteElo "2450"]
[BlackElo "2246"]
[TimeControl "180+1"]
[EndTime "11:19:34 PDT"]
[Termination "Savva09022009 won by resignation"]

1. d4 d5 2. Nc3 e6 3. Bf4 Nf6 4. e3 c5 5. Nf3 Be7 6. Nb5 Na6 7.
Be2 O-O 8. O-O Ne4 9. c3 c4 10. a4 Bd7 11. Ne5 f6 12. Nxd7 Qxd7 13. f3 Ng5 14. e4 Nf7 15. exd5 exd5 16. Re1 Rfe8 17. Bf1 Bf8 18. Qc2 Nd6 19. Nxd6 Bxd6 20. Bxd6 Qxd6 21. g3 Nc7 22. f4 g6 23. Bg2 f5 24. Re5 Re6 25.
Rae1 Rae8 26. b3 Qc6 27. b4 b5 28. a5 a6 29. R1e3 Rxe5 30. Rxe5 Rxe5 31. fxe5 Kf7 32. Qd2 Qe6 33. Qg5 Qe7 34. Qh6 Ke6 35. h4 Ne8 36. h5 Qg7 37. Qg5 Qe7 38. Bxd5+ Kd7 39. Bc6+ Kd8 40.
Qxe7+ Kxe7 41. hxg6 hxg6 42. Bxe8 1-0

[Event "*** SCC Grand Prix: Titled Tuesday Blitz"]
[Site "Chess.com"]
[Date "2020.07.14"]
[Round "7"]
[White "verdest"]
[Black "anpospan"]
[Result "0-1"]
[WhiteElo "2485"]
[BlackElo "2330"]
[TimeControl "180+1"]
[EndTime "11:19:35 PDT"]
[Termination "anpospan won by resignation"]

1. d4 Nf6 2. c4 e6 3. Nf3 c5 4. d5 exd5 5. cxd5 d6 6. e4 g6 7.
Bd3 Bg7 8. O-O a6 9. Re1 Nbd7 10. h3 O-O 11. a4 h6 12. Nc3 Qe7 13. Nd2 Ne5 14.
Bf1 g5 15. Qc2 g4 16. hxg4 Nfxg4 17. g3 Qg5 18. Bg2 Nxf2 19. Kxf2 Ng4+ 20. Kf1 Nh2+ 21.
Ke2 Qxg3 22. Bf3 Bd4 23. Qd3 Nxf3 24. Nxf3 Bg4 25. Rf1 f5 26. Bxh6 fxe4 27. Nxe4 Qg2+ 28. Kd1 Rxf3 29. Rxf3 Bxf3+ 30. Kc1 0-1

[Event "*** SCC Grand Prix: Titled Tuesday Blitz"]
[Site "Chess.com"]
[Date "2020.07.14"]
[Round "7"]
[White "Raja3401"]
[Black "viktorskliarov"]
[Result "0-1"]
[WhiteElo "2751"]
[BlackElo "2595"]
[TimeControl "180+1"]
[EndTime "11:19:36 PDT"]
[Termination "viktorskliarov won by resignation"]

1. e4 c5 2. Nf3 Nc6 3. Bb5 e6 4. O-O Nge7 5. Re1 Nd4 6. Nxd4 cxd4 7. c3 a6 8. Bf1 d5 9. e5 Nc6 10. Na3 Bxa3 11. bxa3 dxc3 12. dxc3 O-O 13. a4 Na5 14. Bd3 f5 15. exf6 Qxf6 16. Be3 e5 17. Bc5 Rf7 18.
Qh5 Bf5 19. Bxf5 Qxf5 20. Rxe5 Qxh5 21. Rxh5 Rf4 22. Rxd5 Rxa4 23. Rd7 Nb3 24. Bd4 Rxd4 25. cxd4 Nxa1 26. Rxb7 Rd8 27. h4 Rxd4 28. Ra7 Ra4 29. Ra8+ Kf7 30. Ra7+ Kf6 31. Kh2 Rxa2 32. Kg3 h5 33. Rb7 Nc2 34. Rb6+ Kf7 35. Kf4 Nd4 36. Ke5 Nb5 37. Rb7+ Kg6 38. f4 Re2+ 39. Kd5 Rxg2 40.
Rb6+ Kf5 41. Rxa6 Kxf4 42. Ra4+ Kg3 43. Kc6 Nc3 44. Ra3 Rc2 45. Kd6 Kxh4 46. Ke5 g5 47. Kf5 g4 48. Ra1 Rf2+ 49. Kg6 g3 50. Rh1+ Kg4 51.
Rxh5 g2 52. Rg5+ Kf3 53. Kh5 Rf1 0-1

[Event "*** SCC Grand Prix: Titled Tuesday Blitz"]
[Site "Chess.com"]
[Date "2020.07.14"]
[Round "7"]
[White "bazar-wokzal"]
[Black "chargemax23"]
[Result "1-0"]
[WhiteElo "2447"]
[BlackElo "2649"]
[TimeControl "180+1"]
[EndTime "11:19:36 PDT"]
[Termination "bazar-wokzal won by resignation"]

1. e4 d6 2. f4 g6 3. Nc3 Bg7 4. Nf3 c5 5. Bc4 Nc6 6. O-O e6 7. f5 gxf5 8. d3 Nge7 9. Ng5 Ne5 10. exf5 Nxf5 11. Qh5 Qe7 12. Rxf5 h6 13. Nge4 Nxc4 14.
Rf1 d5 15. dxc4 dxe4 16. Nxe4 Rh7 17. Bf4 Bd4+ 18. Kh1 Kd8 19. c3 f5 20. cxd4 fxe4 21.
dxc5 Bd7 22. Rad1 Kc8 23. Bd6 Qg5 24. Rf8+ Qd8 25. Rxd8+ 1-0

[Event "*** SCC Grand Prix: Titled Tuesday Blitz"]
[Site "Chess.com"]
[Date "2020.07.14"]
[Round "7"]
[White "ARMQUEEN"]
[Black "dosto07"]
[Result "1-0"]
[WhiteElo "2449"]
[BlackElo "2227"]
[TimeControl "180+1"]
[EndTime "11:19:37 PDT"]
[Termination "ARMQUEEN won on time"]

1. e4 e5 2. Nf3 Nc6 3. d4 exd4 4. Nxd4 Nf6 5. Nxc6 bxc6 6. e5 Qe7 7. Qe2 Nd5 8. h4 g6 9. c4 Ba6 10. Bg5 Qb4+ 11.
Qd2 Qxd2+ 12. Nxd2 Nb6 13. h5 Bg7 14. hxg6 hxg6 15.
Rxh8+ Bxh8 16. f4 d6 17. exd6 cxd6 18. Ne4 d5 19. cxd5 Bxf1 20. Kxf1 Nxd5 21. Nd6+ Kd7 22. Nxf7 Bxb2 23. Rb1 Rb8 24. Nh6 Nc3 25. Re1 Re8 26. Ng4 Rxe1+ 27. Kxe1 Nxa2 28. Kd2 Ke6 29. Kc2 Bd4 30. Nh2 Kd5 31. Nf3 Nb4+ 32. Kb3 a5 33.
Nh4 c5 34. Nxg6 c4+ 35. Ka4 Bc3 36. f5 Nc6 37. f6 Ke6 38. Nf4+ Kf7 39. Nd5 Bb4 40.
Kb5 c3 41. Kxc6 c2 42. Nxb4 axb4 43. Kd5 1-0

[Event "*** SCC Grand Prix: Titled Tuesday Blitz"]
[Site "Chess.com"]
[Date "2020.07.14"]
[Round "7"]
[White "Gerodot71"]
[Black "marabu44"]
[Result "1-0"]
[WhiteElo "2426"]
[BlackElo "2241"]
[TimeControl "180+1"]
[EndTime "11:19:39 PDT"]
[Termination "Gerodot71 won on time"]

1. d4 d5 2. c4 e6 3. Nf3 c6 4. Qc2 Nf6 5. g3 Bb4+ 6. Bd2 Be7 7. Bg2 Ne4 8. O-O O-O 9. Nc3 Nxd2 10. Nxd2 f5 11. e3 Nd7 12. Rab1 Nf6 13. b4 Ne4 14. b5 Nxd2 15. Qxd2 Bd7 16. Rfc1 Rc8 17. bxc6 bxc6 18.
Rb7 Rc7 19. Rxc7 Qxc7 20. cxd5 Bb4 21. dxc6 Bc8 22. Qd3 Qa5 23. Rc2 Ba6 24. Qd2 Rc8 25. h4 Bb5 26. d5 e5 27. a3 Bd6 28. Nxb5 Qxb5 29. Rb2 Qc5 30. Rb7 Qxa3 31. Qe2 Rc7 32.
Qh5 g6 33. Qg5 Be7 34. Qh6 Rxb7 35. cxb7 Qd6 36. h5 e4 37. hxg6 hxg6 38. Bh3 Kf7 39. Qh7+ 1-0

[Event "*** SCC Grand Prix: Titled Tuesday Blitz"]
[Site "Chess.com"]
[Date "2020.07.14"]
[Round "7"]
[White "KyrgyzFighter"]
[Black "teacher4chess"]
[Result "1-0"]
[WhiteElo "2280"]
[BlackElo "2026"]
[TimeControl "180+1"]
[EndTime "11:19:40 PDT"]
[Termination "KyrgyzFighter won on time"]

1. c4 e6 2. Nc3 Nf6 3. e4 d6 4.
d4 Be7 5. f4 O-O 6. Nf3 c5 7. d5 exd5 8. cxd5 a6 9. a4 Re8 10. Bd3 Qc7 11. O-O c4 12. Bc2 Qc5+ 13. Kh1 Ng4 14. Qe1 Bf6 15. h3 Nh6 16. e5 Bf5 17. Bxf5 Nxf5 18. Ne4 Qxd5 19. Nxf6+ gxf6 20. g4 Nd4 21. Qd1 dxe5 22. fxe5 fxe5 23. Be3 Nbc6 24.
Qd2 Rad8 25. Qg2 Qe4 26. Bg5 Rd7 27. Rae1 Qg6 28. h4 Nxf3 29. Rxf3 Nd4 30. Rf6 Qc2 31. Qf1 Qxb2 32. Be3 Nc2 33. Re2 Nxe3 34. Rxe3 1-0

[Event "*** SCC Grand Prix: Titled Tuesday Blitz"]
[Site "Chess.com"]
[Date "2020.07.14"]
[Round "7"]
[White "FMJoseHerrera"]
[Black "Paladin61"]
[Result "0-1"]
[WhiteElo "2486"]
[BlackElo "2660"]
[TimeControl "180+1"]
[EndTime "11:19:41 PDT"]
[Termination "Paladin61 won by resignation"]

1. Nf3 Nf6 2. g3 g6 3. Bg2 Bg7 4. d3 O-O 5. Nc3 c5 6. h4 d5 7. h5 d4 8. Nb1 Nxh5 9. Bg5 Nc6 10. Qd2 f6 11. Bh6 Rf7 12. Bxg7 Nxg7 13. Na3 e5 14. Nh4 Be6 15. Nxg6 hxg6 16. Qh6 Kf8 17. Qxg6 Ke7 18. Rh7 Bf5 19. Qxg7 Bxh7 20. Qh6 Qa5+ 21.
Kf1 Rd8 22. Nc4 Qc7 23. a4 Bf5 24. Qh5 Qd7 25. a5 Rh7 26. Qf3 Bg4 27. Qe4 f5 28. Nxe5 fxe4 29. Nxd7 Bxd7 30. Bxe4 Rh6 31. a6 b6 32. Kg2 Ne5 0-1

[Event "*** SCC Grand Prix: Titled Tuesday Blitz"]
[Site "Chess.com"]
[Date "2020.07.14"]
[Round "7"]
[White "ClassyEl"]
[Black "MarceloPlaya"]
[Result "1-0"]
[WhiteElo "2543"]
[BlackElo "2338"]
[TimeControl "180+1"]
[EndTime "11:19:41 PDT"]
[Termination "ClassyEl won on time"]

1. d4 e6 2. Nf3 Nf6 3. e3 d5 4. c4 Bb4+ 5. Nc3 O-O 6. Bd3 dxc4 7. Bxc4 c5 8. O-O cxd4 9. exd4 Nc6 10. Bg5 h6 11.
Bh4 Be7 12. Re1 b6 13. a3 Bb7 14. Qd3 Na5 15. Ba2 Nd5 16. Bg3 Nxc3 17. bxc3 Bf6 18. Bb1 g6 19. Ne5 Bxe5 20. Bxe5 f5 21. Ba2 Bd5 22. c4 Be4 23. Rxe4 fxe4 24. Qxe4 Qg5 25.
c5 Rae8 26. cxb6 axb6 27. Rb1 Rf7 28. h4 Qf5 29. Qxf5 gxf5 30. Rxb6 Rfe7 31. f4 Nb7 32. d5 Nd8 33. d6 Rb7 34. Rxb7 Nxb7 35.
d7 Re7 36. Bf6 Rxd7 37. Bxe6+ Rf7 38. Kf2 Kf8 39. Bxf7 Kxf7 40. Be5 Ke6 41. Kf3 h5 42.
Ke3 Kd5 43. Kd3 Nc5+ 44. Kc3 Ne4+ 45. Kb4 Ng3 46. Kb5 Ne2 47. a4 Nc1 48. a5 Nd3 49. a6 1-0

[Event "*** SCC Grand Prix: Titled Tuesday Blitz"]
[Site "Chess.com"]
[Date "2020.07.14"]
[Round "7"]
[White "GelmanAlexander"]
[Black "crescentmoon2411"]
[Result "1-0"]
[WhiteElo "2616"]
[BlackElo "2844"]
[TimeControl "180+1"]
[EndTime "11:19:42 PDT"]
[Termination "GelmanAlexander won on time"]

1. c4 c5 2. Nf3 Nf6 3. e3 g6 4. Be2 Bg7 5. O-O O-O 6. a3 d5 7.
cxd5 Nxd5 8. d3 Nc6 9. Nbd2 b6 10. Qc2 Bb7 11. Ne4 Rc8 12. Bd2 h6 13. Rac1 Qd7 14. Qb1 Ne5 15. Rfd1 Rc7 16. b4 Nxf3+ 17. Bxf3 cxb4 18.
Rxc7 Qxc7 19. axb4 Rc8 20. Rc1 Qd7 21. h3 Kh7 22. Rxc8 Qxc8 23. Qa2 a6 24. d4 Qd7 25.
Qc4 Qc6 26. Qb3 Qd7 27. Qc4 e6 28. Qc2 f5 29. Ng3 Bf8 30. Qb3 Bc6 31. h4 Bg7 32. h5 g5 33. Qc2 Kh8 34. e4 Ne7 35. d5 exd5 36. exf5 Bf6 37. Qd3 Kg7 38. Qxa6 Nxf5 39. Bg4 1-0

[Event "*** SCC Grand Prix: Titled Tuesday Blitz"]
[Site "Chess.com"]
[Date "2020.07.14"]
[Round "7"]
[White "djano"]
[Black "theblitzchamp"]
[Result "0-1"]
[WhiteElo "2469"]
[BlackElo "2652"]
[TimeControl "180+1"]
[EndTime "11:19:42 PDT"]
[Termination "theblitzchamp won on time"]

1. d4 d5 2. Bf4 c5 3. e3 Nc6 4. Nf3 Qb6 5. Nbd2 Nf6 6. dxc5 Qxc5 7. a3 Bg4 8. Be2 Nh5 9. O-O Nxf4 10. exf4 e6 11. c4 Rd8 12. cxd5 Qxd5 13. Qa4 Bc5 14. Rad1 Qf5 15. h3 Bxf3 16. Bxf3 O-O 17. Bxc6 bxc6 18. Qxc6 Rd6 19. g4 Qc2 20. Qb7 Rxd2 21. Rxd2 Qxd2 22. b4 Bb6 23. Qe4 h6 24. Kg2 Rd8 25. f5 exf5 26. Qxf5 Qd5+ 27. Qf3 Qxf3+ 28. Kxf3 Rd3+ 29. Ke4 Rxa3 30. f4 Rxh3 31. Rd1 Re3+ 32. Kf5 g6+ 0-1

[Event "*** SCC Grand Prix: Titled Tuesday Blitz"]
[Site "Chess.com"]
[Date "2020.07.14"]
[Round "7"]
[White "Larina_Marija"]
[Black "jannat65"]
[Result "1-0"]
[WhiteElo "2108"]
[BlackElo "1812"]
[TimeControl "180+1"]
[EndTime "11:19:42 PDT"]
[Termination "Larina_Marija won by resignation"]

1. e4 c5 2. Nc3 Nc6 3. g3 Nf6 4.
Bg2 e6 5. d3 d5 6. Qe2 d4 7. Nd1 e5 8. h3 Be7 9. f4 Bd6 10. f5 h6 11. Nf2 Bd7 12. g4 Qc7 13. Bd2 O-O-O 14. O-O-O Kb8 15. Kb1 Ka8 16. Nf3 Rde8 17.
a3 a6 18. Bc1 Na7 19. Nd2 Bb5 20. h4 g6 21. g5 hxg5 22. hxg5 Nh5 23. Nc4 Bxc4 24.
dxc4 Ng3 25. Rxh8 Rxh8 26. Qg4 Nh5 27. Rh1 Qc8 28. Nd3 Nc6 29. Qf3 Ng7 30. fxg6 fxg6 31.
Qf6 Rxh1 32. Bxh1 Ne8 33. Qxg6 Qd7 34. Bf3 Bc7 35. Bh5 Ng7 36. Bf3 Ne6 37. Qg8+ Ka7 38. Bg4 Ncd8 39. Nxc5 Qf7 40. Qxf7 Nxf7 41. Bxe6 Nd8 42.
Bf5 1-0

[Event "*** SCC Grand Prix: Titled Tuesday Blitz"]
[Site "Chess.com"]
[Date "2020.07.14"]
[Round "7"]
[White "sotochess"]
[Black "Kildepiotr"]
[Result "0-1"]
[WhiteElo "2433"]
[BlackElo "2596"]
[TimeControl "180+1"]
[EndTime "11:19:43 PDT"]
[Termination "Kildepiotr won on time"]

1. e4 g6 2. d4 Bg7 3. Nc3 c6 4.
Be3 d5 5. f3 dxe4 6. fxe4 Nf6 7. Nf3 Ng4 8. Bg1 e5 9. d5 O-O 10. Qd3 cxd5 11. Nxd5 Nc6 12. O-O-O Qa5 13. Kb1 Be6 14.
c4 Rfd8 15. a3 Rac8 16. Be2 Nf6 17. Ka1 b5 18. cxb5 Nxd5 19. bxc6 Nb4 20. Qc3 Rxd1+ 21. Bxd1 Rxc6 22. Qd2 Qc7 23. Be3 Nc2+ 24. Bxc2 Rxc2 25. Qd3 Bf8 26. Ng5 Bg4 27. h3 Bc8 28. Rf1 f5 0-1

[Event "*** SCC Grand Prix: Titled Tuesday Blitz"]
[Site "Chess.com"]
[Date "2020.07.14"]
[Round "7"]
[White "suyu28"]
[Black "MIlorenzana271"]
[Result "0-1"]
[WhiteElo "2540"]
[BlackElo "2410"]
[TimeControl "180+1"]
[EndTime "11:19:43 PDT"]
[Termination "MIlorenzana271 won by checkmate"]

1. d4 Nf6 2. c4 g6 3. Nf3 Bg7 4.
g3 d6 5. Bg2 O-O 6. O-O Nbd7 7.
Nc3 e5 8. Ne4 Nxe4 9. d5 f5 10. b3 a5 11. a3 h6 12. Bb2 g5 13.
Ne1 Nef6 14. Qc2 f4 15. Nf3 b6 16. Nd2 Nc5 17. b4 axb4 18. axb4 Rxa1 19. Rxa1 Ncd7 20.
Bh3 g4 21. Bg2 Nh7 22. Qg6 Qg5 23. Qe6+ Kh8 24. Ra8 Qd8 25. Qxg4 Ndf6 26. Qg6 Qe8 27. Qc2 Qh5 28. gxf4 exf4 29. Ne4 Nxe4 30. Bxg7+ Kxg7 31. Qxe4 Bf5 32. Qd4+ Kg8 33. Rxf8+ Nxf8 34. Qxf4 Qg5 35. Qf3 Ng6 36. e4 Bg4 37. Qg3 Nf4 38. Bf1 Be2 39. h4 Qg7 40. Kh2 Bxf1 41. Qxf4 Qg2# 0-1

[Event "*** SCC Grand Prix: Titled Tuesday Blitz"]
[Site "Chess.com"]
[Date "2020.07.14"]
[Round "7"]
[White "malandragem"]
[Black "ChessicallyInclined"]
[Result "0-1"]
[WhiteElo "2353"]
[BlackElo "2503"]
[TimeControl "180+1"]
[EndTime "11:19:43 PDT"]
[Termination "ChessicallyInclined won on time"]

1. e4 c5 2. Nc3 Nc6 3. g3 g6 4.
Bg2 Bg7 5. d3 d6 6. Nge2 e5 7.
Be3 Nge7 8. Qd2 Nd4 9. h3 O-O 10.
g4 f5 11. gxf5 gxf5 12. Bg5 Qe8 13. O-O-O Nec6 14. Nd5 Qf7 15. f3 Nxe2+ 16. Qxe2 Nd4 17. Qe1 Be6 18. c3 Nc6 19. Ne3 f4 20. Ng4 Qg6 21. h4 h6 22. Bxh6 Bxh6 23. Bh3 Kf7 24. h5 Qh7 25. Qh4 Bxg4 26. Bxg4 Qg7 27. Bf5 Qf6 28. Qh3 Rg8 29. Bg6+ Ke7 30. b4 cxb4 31. d4 bxc3 32. dxe5 Nxe5 33. Rd5 Rac8 34. Rhd1 Rc6 35. R1d4 Rgc8 0-1

[Event "*** SCC Grand Prix: Titled Tuesday Blitz"]
[Site "Chess.com"]
[Date "2020.07.14"]
[Round "7"]
[White "profofchess"]
[Black "kasparicy"]
[Result "0-1"]
[WhiteElo "2463"]
[BlackElo "2324"]
[TimeControl "180+1"]
[EndTime "11:19:43 PDT"]
[Termination "kasparicy won on time"]

1. e4 c5 2. Nf3 d6 3. c3 Nf6 4. Bc4 e6 5. Qe2 Be7 6. Bb3 O-O 7. O-O b5 8. d4 Bb7 9. Nbd2 a6 10. Rd1 Qc7 11. e5 Nd5 12. Ne4 dxe5 13. dxe5 Nd7 14.
Ng3 Rfd8 15. Bc2 Nf8 16. h4 Ng6 17. h5 Ndf4 18. Qf1 Nxg2 19. Rxd8+ Rxd8 20. hxg6 Bxf3 21. gxf7+ Kxf7 22. Be4 Nh4 23. Bf4 g5 24. Be3 Qxe5 25. Bxf3 Nxf3+ 26. Kh1 g4 27. Qe2 Bh4 28. Kg2 Bxg3 29.
fxg3 Qe4 30. Qf2 Rd3 31. Bf4 Kg6 32. Rh1 h5 0-1

[Event "*** SCC Grand Prix: Titled Tuesday Blitz"]
[Site "Chess.com"]
[Date "2020.07.14"]
[Round "7"]
[White "KaspMagAlpha"]
[Black "AwareIdea"]
[Result "1-0"]
[WhiteElo "2265"]
[BlackElo "2451"]
[TimeControl "180+1"]
[EndTime "11:19:43 PDT"]
[Termination "KaspMagAlpha won on time"]

1. d4 Nf6 2. c4 e6 3. g3 d5 4. Nf3 dxc4 5. Bg2 Bd7 6. Ne5 Bc6 7. Nxc6 Nxc6 8. O-O Qd7 9. e3 O-O-O 10. Qa4 Nd5 11.
Qxc4 h5 12. Nc3 h4 13. a3 hxg3 14. fxg3 f5 15. Nxd5 exd5 16. Qd3 g6 17. Bd2 Qh7 18.
h3 Bd6 19. Be1 Rde8 20. Bf2 Nd8 21. Rac1 Ne6 22. Qb5 c6 23. Qxd5 Bc7 24. Qb3 Ng5 25. h4 Ne4 26. Bxe4 Rxe4 27. d5 g5 28. dxc6 b6 29. Qb5 gxh4 30. Rfd1 Bxg3 31. Rd7 Bxf2+ 32.
Kxf2 1-0